 Dungeon Crawl Stone Soup version 0.25-a0-340-ga1faa1601d (webtiles) character file.

Game seed: 17988585003571103578, levelgen mode: deterministic

242222 Lanoc the Anointer (level 19, -1/155 HPs)
             Began as a Merfolk Skald on Dec 27, 2019.
             Was the Champion of Dithmenos.
             Slain by a shock serpent (10 damage)
             ... on level 4 of the Snake Pit on Dec 29, 2019.
             The game lasted 02:17:13 (43012 turns).

Lanoc the Anointer (Merfolk Skald)                 Turns: 43012, Time: 02:17:14

Health: -1/155     AC: 22    Str: 13    XL:     19   Next: 83%
Magic:  28/31      EV: 23    Int: 19    God:    Dithmenos [******]
Gold:   2652       SH: 11    Dex: 26    Spells: 1/22 levels left

rFire    + . .     SeeInvis .   W - +8 demon trident (freeze)
rCold    + . .     Gourm    .   Q - +1 buckler of Hairiness {rF+ MR++ Str+3 Dex+4}
rNeg     . . .     Faith    .   F - +9 scale mail "Pommoa" {+Blink Int-4 Dex+3 Stlth+}
rPois    +         Spirit   .   L - +2 helmet
rElec    .         Reflect  +   w - +0 cloak {MR+}
rCorr    .         Harm     .   G - +0 pair of gloves
MR       ++++.                  S - +0 pair of boots
Stlth    +++.......             p - amulet "Ovylirotz" {Reflect rC+ Str-4 Int+5 Dex+3 SH+4}
HPRegen  0.00/turn              A - ring of magical power
MPRegen  0.22/turn              T - ring "Bimouz" {+Fly rPois Str+3}

@: wreathed by umbra, studying Transmutations
A: change form in water, swift swim, stealthy swim, inhibited regeneration
}: 1/15 runes: barnacled
a: Shadow Step, Shadow Form, Renounce Religion, Evoke Blink, Evoke Flight


You were on level 4 of the Snake Pit.
You worshipped Dithmenos.
Dithmenos was exalted by your worship.
You were very hungry.

You visited 6 branches of the dungeon, and saw 32 of its levels.
You also visited: Gauntlet.

You collected 3752 gold pieces.
You spent 1100 gold pieces at shops.

Inventory:

Hand Weapons
 a - the +8 trident "Duyclar" {drain, Int+3 SInv}
   (You took it off a minotaur in a Gauntlet)

   A truly terrible weapon, it drains the life of those it strikes.
   It affects your intelligence (+3).
   It lets you see invisible.
 V - the +8 bardiche of the Eight Cities {holy, rPois rF- Dex+2 Stlth+}
   (You acquired it on level 3 of the Lair of Beasts)

   It has been blessed by the Shining One to cause great damage to the undead
   and demons.
   It affects your dexterity (+2).
   It makes you vulnerable to fire.
   It protects you from poison.
   It makes you more stealthy.
 W - a +8 demon trident of freezing (weapon)
Missiles
 k - 25 throwing nets (quivered)
 H - 5 curare-tipped darts
 U - 8 atropa-tipped darts
Armour
 e - a +2 robe of the Archmagi
 w - a +0 cloak of magic resistance (worn)
 D - the +6 large shield of the Shining Light {Str+3}
   (You found it in a Gauntlet)

   It affects your strength (+3).
 F - the +9 scale mail "Pommoa" (worn) {+Blink Int-4 Dex+3 Stlth+}
   (You found it on level 3 of the Snake Pit)

   It affects your intelligence (-4).
   It affects your dexterity (+3).
   It lets you blink.
   It makes you more stealthy.
 G - a +0 pair of gloves (worn)
 L - a +2 helmet (worn)
 Q - the +1 buckler of Hairiness (worn) {rF+ MR++ Str+3 Dex+4}
   (You found it on level 11 of the Dungeon)

   It affects your strength (+3).
   It affects your dexterity (+4).
   It protects you from fire.
   It affects your resistance to hostile enchantments.
 S - a +0 pair of boots (worn)
Jewellery
 p - the amulet "Ovylirotz" (around neck) {Reflect rC+ Str-4 Int+5 Dex+3 SH+4}
   (You bought it in a shop on level 2 of the Snake Pit)

   [amulet of reflection]

   It shields you and reflects attacks.
   It affects your strength (-4).
   It affects your intelligence (+5).
   It affects your dexterity (+3).
   It protects you from cold.
   It affects your SH (+4).
 q - an uncursed ring of resist corrosion
 t - an uncursed ring of protection from magic
 A - a ring of magical power (left hand)
 K - the ring of Juifrux {*Slow MP+9 Int+5 Dex+2 Slay+2}
   (You found it in a Gauntlet)

   [ring of intelligence]

   It affects your intelligence (+5).
   It affects your dexterity (+2).
   It affects your accuracy and damage with ranged weapons and melee attacks
   (+2).
   It affects your magic capacity (+9).
   It may slow you when you take damage.
 T - the ring "Bimouz" (right hand) {+Fly rPois Str+3}
   (You found it in a Gauntlet)

   [ring of flight]

   It affects your strength (+3).
   It protects you from poison.
   It lets you fly.
Wands
 X - a wand of acid (4)
Scrolls
 g - 11 scrolls of remove curse
 j - 5 scrolls of identify
 l - 4 scrolls of enchant armour
 n - 4 scrolls of immolation
 o - 2 scrolls of amnesia
 r - a scroll of silence
 u - 8 scrolls of fog
 J - 2 scrolls of holy word
 O - 4 scrolls of teleportation
 Z - 2 scrolls of magic mapping
Potions
 b - 4 potions of flight
 c - a potion of berserk rage
 f - 4 potions of ambrosia
 i - a potion of lignification
 m - 3 potions of brilliance
 s - 2 potions of mutation
 x - a potion of cancellation
 B - 2 potions of might
 I - a potion of resistance
 M - 6 potions of agility
 N - 7 potions of curing
 Y - 4 potions of magic
Books
 C - a manual of Transmutations
Miscellaneous
 v - a box of beasts
 y - a phial of floods
 E - a lamp of fire
Comestibles
 d - 43 rations


   Skills:
 + Level 15.0 Fighting
 - Level 14.0 Polearms
 - Level 2.2 Armour
 + Level 17.4 Dodging
 - Level 4.0 Shields
 - Level 2.0 Spellcasting
 * Level 19.5 Charms
 * Level 13.8 Fire Magic


You had one spell level left.
You knew the following spells:

 Your Spells              Type           Power        Failure   Level  Hunger
a - Infusion              Chrm           ####         1%          1    #......
b - Song of Slaying       Chrm           ######..     1%          2    ###....
c - Regeneration          Chrm/Necr      #####.....   4%          3    ###....
d - Ozocubu's Armour      Chrm/Ice       #####...     4%          3    ###....
e - Spectral Weapon       Hex/Chrm       #####...     4%          3    ###....
f - Ring of Flames        Chrm/Fire      ######....   56%         7    #######
h - Swiftness             Chrm/Air       #####...     2%          2    ###....

Your spell library contained the following spells:

 Spells                   Type           Power        Failure   Level  Hunger
 Foxfire                  Conj/Fire      ####         4%          1    #......
 Apportation              Tloc           #.....       61%         1    #......
 Beastly Appendage        Tmut           #.....       61%         1    #......
 Confusing Touch          Hex            #.....       61%         1    #......
 Corona                   Hex            #......      61%         1    #......
 Freeze                   Ice            #...         61%         1    #......
 Shock                    Conj/Air       #...         61%         1    #......
 Shroud of Golubria       Chrm/Tloc      #####.       2%          2    ###....
 Conjure Flame            Conj/Fire      ####....     14%         3    ###....
 Inner Flame              Hex/Fire       ####....     14%         3    ###....
 Sticky Flame             Conj/Fire      ####....     41%         4    #####..
 Ensorcelled Hibernation  Hex/Ice        #.....       75%         2    ###....
 Poisonous Vapours        Pois/Air       #.....       75%         2    ###....
 Sticks to Snakes         Tmut           #.......     75%         2    ###....
 Fireball                 Conj/Fire      ####......   77%         5    ######.
 Deflect Missiles         Chrm/Air       #####.....   91%         6    #######
 Confuse                  Hex            #.......     93%         3    ###....
 Dazzling Flash           Conj/Hex       #.....       93%         3    ###....
 Gell's Gravitas          Tloc           #.........   93%         3    ###....
 Mephitic Cloud           Conj/Pois/Air  #.......     93%         3    ###....
 Recall                   Summ/Tloc      N/A          93%         3    ###....
 Spider Form              Tmut/Pois      #.........   93%         3    ###....
 Static Discharge         Conj/Air       #.......     93%         3    ###....
 Tukima's Dance           Hex            #.......     93%         3    ###....
 Bolt of Magma            Conj/Fire/Erth ###.......   97%         5    ######.
 Airstrike                Air            #.........   100%        4    #####..
 Cause Fear               Hex            #.........   100%        4    #####..
 Hailstorm                Conj/Ice       #.......     100%        4    #####..
 Ice Form                 Ice/Tmut       #.......     100%        4    #####..
 Iskenderun's Mystic Bla  Conj/Tloc      #.......     100%        4    #####..
 Petrify                  Tmut/Erth      #.......     100%        4    #####..
 Summon Ice Beast         Ice/Summ       #.......     100%        4    #####..
 Blade Hands              Tmut           #.........   100%        5    ######.
 Irradiate                Conj/Tmut      #.........   100%        5    ######.
 Lightning Bolt           Conj/Air       #.........   100%        5    ######.
 Metabolic Englaciation   Hex/Ice        #.........   100%        5    ######.
 Silence                  Hex/Air        #.........   100%        5    ######.
 Yara's Violent Unravell  Hex/Tmut       #.........   100%        5    ######.
 Freezing Cloud           Conj/Ice/Air   #.........   100%        6    #######
 Hydra Form               Tmut           #.........   100%        6    #######
 Ozocubu's Refrigeration  Ice            #.........   100%        6    #######
 Simulacrum               Ice/Necr       #.........   100%        6    #######
 Statue Form              Tmut/Erth      #........    100%        6    #######
 Dragon Form              Tmut           #.........   100%        7    #######
 Malign Gateway           Summ/Tloc      #.........   100%        7    #######
 Monstrous Menagerie      Summ           #.........   100%        7    #######
 Summon Greater Demon     Summ           #.........   100%        7    #######
 Discord                  Hex            #.........   100%        8    #######
 Summon Horrible Things   Summ           #.........   100%        8    #######


Dungeon Overview and Level Annotations

Branches:
Dungeon (15/15)            Temple (1/1) D:4            Lair (6/6) D:9
 Shoals (4/4) Lair:2        Snake (4/4) Lair:2        Slime (0/5) Lair:5
    Orc (2/2) D:11            Elf (0/3) Orc:2       Gauntlet (visited)
 Vaults: D:13-14     Depths: D:15

Altars:
Ashenzari
Cheibriados
Dithmenos
Elyvilon
Hepliaklqana
Kikubaaqudgha
Qazlal
Ru
Sif Muna
Trog
Uskayaw
Vehumet
Wu Jian
Xom
Zin
Beogh
Jiyva

Shops:
D:10 (   Orc:2 %[%[:   Snake:2 =}=

Annotations:
D:12 Nessos, Snorg
D:13 Azrael, Rupert


Innate Abilities, Weirdness & Mutations

You revert to your normal form in water.
You are very nimble and swift while swimming.
You are very stealthy in the water. (Stealth+)
You do not regenerate when monsters are visible.


Message History

The shock serpent shocks you!
* * * LOW HITPOINT WARNING * * *
The anaconda completely misses you.
* * * LOW HITPOINT WARNING * * *
The anaconda constricts you. You block the black mamba's attack.
The shock serpent shoots out a bolt of lightning at you!
The bolt of electricity hits you!
* * * LOW HITPOINT WARNING * * *
You hear an angry hiss.
As you read the scroll of fear, it crumbles to dust.
You assume a fearsome visage.
Your spectral weapon is unaffected.
The anaconda looks frightened!
The black mamba resists with some effort.
The shock serpent resists with almost no effort.
The anaconda loses its grip on you. You block the black mamba's attack.
The shock serpent bites you.
* * * LOW HITPOINT WARNING * * *
The shock serpent shocks you!
You die...

#### ##..## #....##
######.....## ######
#..##.......#
##....###...#§(§#...#
##......#....#SS##..N#
#.....§##....#)@###..NS
#...##§§§)...#§§#.#....SN
#...#.#§§##..#S)#.#...N.S
#.....§§§##(.#..#.##.#..N
##....§§###(.#..#..####.S
##..[.## #..[..#..#
###..# #).(.##..# #..#
#..(.#...# ##.#
##..##...# ###


You could see an anaconda (fleeing), a shock serpent, a black mamba and a
friendly spectral +8 demon trident of freezing.

Vanquished Creatures
  Nikola (Shoals:2)
  A kraken (Shoals:4)
  The ghost of Borgoz the Tortoise, an adept GrFi of Ashenzari (Snake:3)
  Kirke (Lair:2)
  Ilsuiw (Shoals:2)
  6 nagarajas
  Aizul (Lair:2)
  A minotaur (Gauntlet)
  9 merfolk javelineers
  12 merfolk impalers
  3 ogre magi
  Harold (D:8)
  4 merfolk avatars
  2 hydras
  3 catoblepae (Lair:6)
  12 naga warriors
  2 centaur warriors (D:14)
  13 death yaks
  5 merfolk aquamancers
  15 two-headed ogres
  3 satyrs
  21 anacondas
  2 alligator snapping turtles
  A death knight (D:15)
  5 shock serpents
  13 naga sharpshooters
  Nergalle (D:12)
  4 salamander mystics
  10 sea snakes
  A wizard (Gauntlet)
  7 naga ritualists
  2 deep trolls (Orc:2)
  A kraken simulacrum (Shoals:4)
  2 large abominations (Gauntlet)
  3 orc sorcerers (Orc:2)
  5 harpies (Shoals:3)
  11 mana vipers
  5 ugly things
  5 fauns
  A worldbinder (Gauntlet)
  15 salamanders
  11 manticores
  5 cyclopes
  8 elephants
  9 merfolk sirens
  26 naga magi
  41 black mambas
  12 guardian serpents
  4 water nymphs
  Psyche (D:9)
  10 spiny frogs
  4 rime drakes
  4 yaktaurs (D:15)
  A kobold demonologist (D:13)
  An efreet (D:14)
  7 komodo dragons
  2 tengu conjurers (D:14)
  A queen bee (Lair:4)
  13 trolls
  4 meliai
  52 merfolk
  5 wind drakes
  2 polar bears
  Grinder (D:6)
  10 snapping turtles
  10 blink frogs
  4 dream sheep (Shoals:4)
  12 hippogriffs
  A spriggan (D:8)
  11 water elementals
  2 wyverns
  3 basilisks
  2 fire elementals
  36 yaks
  Grum (D:9)
  2 wraiths (D:11)
  2 hungry ghosts
  A hog (Lair:2)
  2 steam dragons
  34 nagas
  A warg (Orc:2)
  2 acid dragons
  6 small abominations (Gauntlet)
  10 porcupines
  19 water moccasins
  An ice beast (D:5)
  A sky beast (D:12)
  A phantom (D:5)
  An eye of draining (shapeshifter) (D:14)
  A black bear (Lair:4)
  17 orc warriors
  7 boggarts
  2 necrophages
  30 ogres
  16 centaurs
  7 wolves
  11 crocodiles
  5 big kobolds
  12 bullfrogs
  2 gnoll sergeants (D:11)
  A wyvern skeleton (D:11)
  2 scorpions
  21 killer bees
  7 wights
  7 howler monkeys
  4 electric eels
  8 crimson imps
  A quasit (D:8)
  A jelly (D:11)
  12 orc priests
  4 hounds
  2 bullfrog skeletons
  Terence (D:3)
  3 centaur skeletons
  2 iguanas
  13 worker ants
  15 orc wizards
  3 hound skeletons
  2 worker ant zombies
  A howler monkey zombie (D:6)
  2 gnolls (D:11)
  A howler monkey skeleton (D:5)
  25 adders
  3 shadow imps
  2 white imps (Gauntlet)
  An ooze (D:1)
  An adder zombie (D:9)
  4 adder skeletons
  4 worms
  2 dart slugs
  6 leopard geckos
  83 orcs
  4 bats
  4 giant cockroaches
  7 goblins
  8 hobgoblins
  3 jackals (D:1)
  7 quokkas
  4 ball pythons
  7 frilled lizards
  A jackal skeleton (D:7)
  17 kobolds
  A quokka skeleton (D:3)
  5 rats
  A fungus (Lair:6)
  A plant (Shoals:2)
  4 tentacles (Shoals:4)
1039 creatures vanquished.

Vanquished Creatures (others)
  A naga sharpshooter (Snake:4)
  A sea snake (Shoals:2)
  2 humans (Snake:1)
  A basilisk (Lair:6)
  24 demonic plants (Gauntlet)
  6 foxfires (Shoals:2)
  10 fungi
  11 plants
  43 spectral weapons
  10 tentacles (Shoals:4)
109 creatures vanquished.

Grand Total: 1148 creatures vanquished

Notes
Turn   | Place    | Note
-------+----------+-------------------------------------------
     0 | D:1      | Lanoc the Merfolk Skald began the quest for the Orb.
     0 | D:1      | Reached XP level 1. HP: 16/16 MP: 3/3
   162 | D:1      | Reached XP level 2. HP: 23/23 MP: 5/5
   169 | D:1      | Learned a level 2 spell: Song of Slaying
   325 | D:1      | Reached skill level 1 in Armour
   495 | D:1      | Reached XP level 3. HP: 28/28 MP: 6/6
  1394 | D:2      | Reached XP level 4. HP: 26/34 MP: 7/7
  1556 | D:2      | Found a shadowy altar of Dithmenos.
  1689 | D:2      | Became a worshipper of Dithmenos the Shadowed
  2170 | D:3      | Reached XP level 5. HP: 36/41 MP: 8/8
  2449 | D:3      | Noticed Terence
  2477 | D:3      | Killed Terence
  2477 | D:3      | Reached skill level 5 in Polearms
  2807 | D:3      | Reached skill level 4 in Charms
  3025 | D:4      | Reached XP level 6. HP: 41/47 MP: 1/9
  3275 | D:4      | Learned a level 3 spell: Regeneration
  3292 | D:4      | Found a shimmering blue altar of Sif Muna.
  3502 | D:4      | Reached * piety under Dithmenos
  3517 | D:4      | Found a staircase to the Ecumenical Temple.
  3580 | D:4      | Reached XP level 7. HP: 53/53 MP: 10/10
  3630 | Temple   | Entered the Ecumenical Temple
  3809 | D:5      | Entered Level 5 of the Dungeon
  3894 | D:5      | Reached skill level 5 in Dodging
  4166 | D:5      | Reached skill level 5 in Charms
  4195 | D:5      | Learned a level 2 spell: Shroud of Golubria
  4531 | D:5      | Reached XP level 8. HP: 34/59 MP: 11/11
  4673 | D:5      | Found a shimmering blue altar of Sif Muna.
  5088 | D:5      | Found a shattered altar of Ashenzari.
  5088 | D:5      | Found a radiant altar of Vehumet.
  5136 | D:5      | Reached skill level 5 in Fighting
  5337 | D:6      | Found an ornate altar of the Wu Jian Council.
  5337 | D:6      | Found an ancient bone altar of Kikubaaqudgha.
  5394 | D:6      | Found a glowing silver altar of Zin.
  5638 | D:6      | Noticed Grinder
  6091 | D:7      | Noticed a troll
  6091 | D:7      | Noticed a green ugly thing
  6184 | D:7      | Noticed a two-headed ogre
  6355 | D:7      | Learned a level 3 spell: Spectral Weapon
  6540 | D:7      | Reached ** piety under Dithmenos
  6712 | D:8      | Noticed a wyvern
  6742 | D:8      | HP: 2/61 [wyvern (9)]
  6746 | D:8      | Killed a wyvern
  6746 | D:8      | Reached skill level 1 in Shields
  6746 | D:8      | Reached skill level 6 in Charms
  6968 | D:8      | Reached XP level 9. HP: 65/68 MP: 12/12
  7005 | D:8      | Reached skill level 10 in Polearms
  7010 | D:8      | Found a hide-covered altar of Uskayaw.
  7081 | D:8      | Noticed Harold
  7104 | D:8      | Killed Harold
  7451 | D:8      | Found a hazy altar of Hepliaklqana.
  7802 | D:8      | Upgraded the game from 0.25-a0-322-g3677130cb1 to
                  | 0.25-a0-339-gb37b713d4c
  7843 | D:9      | Noticed Grum
  7967 | D:9      | Found a staircase to the Lair.
  8020 | D:9      | Reached skill level 7 in Charms
  8034 | D:9      | Reached XP level 10. HP: 74/77 MP: 13/13
  8372 | D:9      | Killed Grum
  8489 | D:9      | Noticed Psyche
  8504 | D:9      | Learned a level 1 spell: Foxfire
  8755 | D:9      | Killed Psyche
  8757 | D:9      | Reached *** piety under Dithmenos
  8774 | D:9      | Reached skill level 1 in Fire Magic
  8786 | D:9      | Found a roughly hewn altar of Beogh.
  9045 | D:10     | Entered Level 10 of the Dungeon
  9180 | D:10     | Noticed a two-headed ogre
  9328 | D:10     | Reached skill level 8 in Charms
  9460 | D:10     | Found a glowing silver altar of Zin.
  9481 | D:10     | Killed a two-headed ogre
  9524 | D:10     | Found Avimnaumn's Antique Weapon Emporium.
  9532 | D:10     | Bought a shimmering trident for 246 gold pieces
  9532 | D:10     | Identified the +5 trident "Killer Bee's Doom" {drain, rC-
                  | Str+5} (You bought it in a shop on level 10 of the Dungeon)
  9844 | D:11     | Noticed a purple ugly thing
  9851 | D:11     | Noticed a purple ugly thing
  9854 | D:11     | Killed a purple ugly thing
  9854 | D:11     | Reached XP level 11. HP: 85/86 MP: 13/14
  9865 | D:11     | Killed a purple ugly thing
  9865 | D:11     | Reached skill level 9 in Charms
  9939 | D:11     | Reached **** piety under Dithmenos
 10212 | D:11     | Found a staircase to the Orcish Mines.
 10268 | D:11     | Got a polished buckler
 10279 | D:11     | Identified the +1 buckler of Hairiness {rF+ MR++ Str+3
                  | Dex+4} (You found it on level 11 of the Dungeon)
 10285 | D:11     | Noticed a two-headed ogre
 10293 | D:11     | Killed a two-headed ogre
 10342 | D:11     | Reached skill level 10 in Dodging
 10353 | D:11     | Reached skill level 10 in Charms
 10423 | D:11     | Noticed a two-headed ogre
 10435 | D:11     | Killed a two-headed ogre
 10779 | D:12     | Noticed a two-headed ogre
 10785 | D:12     | Killed a two-headed ogre
 10785 | D:12     | Reached skill level 5 in Fire Magic
 10798 | D:12     | Noticed a red ugly thing
 10799 | D:12     | Noticed a green ugly thing
 10803 | D:12     | Killed a red ugly thing
 10803 | D:12     | Reached XP level 12. HP: 94/94 MP: 13/15
 10864 | D:12     | Noticed Snorg
 11121 | D:12     | Reached ***** piety under Dithmenos
 11187 | D:12     | Noticed Nergalle
 11201 | D:12     | Killed Nergalle
 11365 | D:12     | Noticed Nessos
 11583 | D:13     | Noticed Rupert
 11624 | D:14     | Reached skill level 11 in Charms
 11793 | D:13     | Noticed Azrael
 12067 | D:14     | Noticed a centaur warrior
 12074 | D:14     | Killed a centaur warrior
 12161 | D:14     | Noticed an ogre mage
 12171 | D:14     | Killed an ogre mage
 12182 | D:14     | Noticed a two-headed ogre
 12187 | D:14     | Killed a two-headed ogre
 12236 | D:14     | Noticed a two-headed ogre
 12241 | D:14     | Killed a two-headed ogre
 12412 | D:14     | Noticed a centaur warrior
 12420 | D:14     | Killed a centaur warrior
 12630 | D:14     | Noticed a two-headed ogre
 12641 | D:14     | Killed a two-headed ogre
 12641 | D:14     | Reached XP level 13. HP: 100/103 MP: 16/16
 12871 | D:15     | Entered Level 15 of the Dungeon
 12936 | D:15     | Reached skill level 12 in Charms
 12960 | D:15     | Reached skill level 10 in Fighting
 14029 | Orc:1    | Entered Level 1 of the Orcish Mines
 14490 | Orc:2    | Entered Level 2 of the Orcish Mines
 14490 | Orc:2    | Found Qetoy's Food Shop.
 14611 | Orc:2    | Found a gate leading to a gauntlet.
 14666 | Gauntlet | Entered a Gauntlet
 14666 | Gauntlet | Found a transporter.
 14666 | Gauntlet | Found a transporter.
 14846 | Gauntlet | Found a transporter.
 14855 | Gauntlet | Found a transporter.
 14868 | Gauntlet | Found a transporter.
 14874 | Gauntlet | Found a large runed translucent door.
 14875 | Gauntlet | Found a large runed translucent door.
 14877 | Gauntlet | Found a runed translucent gate.
 14878 | Gauntlet | Found a transporter.
 14878 | Gauntlet | Found a transporter.
 14878 | Gauntlet | Found a runed translucent gate.
 14879 | Gauntlet | Found a runed translucent gate.
 14881 | Gauntlet | Found a large runed translucent door.
 14882 | Gauntlet | Found a large runed translucent door.
 14894 | Gauntlet | Found a large runed translucent door.
 14894 | Gauntlet | Found a large runed translucent door.
 14895 | Gauntlet | Found a large runed translucent door.
 14895 | Gauntlet | Found a large runed translucent door.
 14902 | Gauntlet | Found a transporter.
 14905 | Gauntlet | Found a large runed translucent door.
 14905 | Gauntlet | Found a large runed translucent door.
 14905 | Gauntlet | Found a runed translucent door.
 14905 | Gauntlet | Found a runed translucent door.
 14906 | Gauntlet | Found a large runed translucent door.
 14907 | Gauntlet | Found a large runed translucent door.
 14909 | Gauntlet | Found a transporter.
 14921 | Gauntlet | Found a transporter.
 14930 | Gauntlet | Found a transporter.
 14966 | Gauntlet | Found a transporter.
 14976 | Gauntlet | Found a transporter.
 14990 | Gauntlet | Found a transporter.
 15006 | Gauntlet | Found a large runed translucent door.
 15006 | Gauntlet | Found a large runed translucent door.
 15007 | Gauntlet | Found a large runed translucent door.
 15008 | Gauntlet | Found a large runed translucent door.
 15094 | Gauntlet | Found a transporter.
 15112 | Gauntlet | Found a transporter.
 15223 | Gauntlet | Reached ****** piety under Dithmenos
 15294 | Gauntlet | Got a heavily runed jade ring
 15296 | Gauntlet | Identified the ring of Juifrux {*Slow MP+9 Int+5 Dex+2
                  | Slay+2} (You found it in a Gauntlet)
 15483 | Gauntlet | Got a slimy lead ring
 15489 | Gauntlet | Identified the ring "Bimouz" {+Fly rPois Str+3} (You found
                  | it in a Gauntlet)
 15686 | Gauntlet | Identified the +8 trident "Duyclar" {drain, Int+3 SInv}
 15686 | Gauntlet | Noticed a minotaur
 15700 | Gauntlet | Killed a minotaur
 15709 | Gauntlet | Identified Ybriuruh's Collected Works on Spatial Ice
 15721 | Gauntlet | Got a distressingly furry large shield
 15721 | Gauntlet | Got a fine ring mail
 15924 | Gauntlet | Identified the +6 large shield of the Shining Light {Str+3}
                  | (You found it in a Gauntlet)
 15944 | Gauntlet | Identified the +1 ring mail of Kuebb {*Contam rF- Int+8
                  | Stlth+} (You found it in a Gauntlet)
 15971 | Gauntlet | Gained mutation: You do not regenerate when monsters are
                  | visible. [mutagenic glow]
 16288 | Orc:2    | Reached skill level 13 in Charms
 16425 | Orc:2    | Reached XP level 14. HP: 69/111 MP: 0/17
 16685 | Orc:2    | Found a bloodstained altar of Trog.
 16705 | Orc:2    | Found a staircase to the Elven Halls.
 16742 | Orc:2    | Found Opolema's Book Emporium.
 16750 | Orc:2    | Found Meim's Antique Armour Shoppe.
 16755 | Orc:2    | Found Ryerugiw's Food Boutique.
 16771 | Orc:2    | Found Plog's Antique Armour Emporium.
 16780 | Orc:2    | Bought a pair of glowing boots for 262 gold pieces
 17202 | Lair:1   | Entered Level 1 of the Lair of Beasts
 18076 | Lair:2   | Found a staircase to the Snake Pit.
 18147 | Lair:2   | Found a staircase to the Shoals.
 18317 | Lair:2   | Reached skill level 14 in Charms
 18842 | Lair:3   | Identified a scroll of acquirement
 18843 | Lair:3   | Got an ancient bardiche
 18860 | Lair:3   | Identified the +8 bardiche of the Eight Cities {holy, rPois
                  | rF- Dex+2 Stlth+} (You acquired it on level 3 of the Lair
                  | of Beasts)
 19407 | Lair:3   | Learned a level 3 spell: Ozocubu's Armour
 19584 | Lair:3   | Got a crystal spear
 19585 | Lair:3   | Identified the +6 spear "Meats" {drain, Fragile rC++ Str+3
                  | Dex+2} (You found it on level 3 of the Lair of Beasts)
 19625 | Lair:3   | You fall into a shaft and drop 3 floors!
 19625 | Lair:6   | Entered Level 6 of the Lair of Beasts
 20154 | Lair:6   | Reached XP level 15. HP: 41/120 MP: 18/18
 21583 | Lair:5   | Reached skill level 15 in Charms
 21607 | Lair:5   | Found a staircase to the Slime Pits.
 21607 | Lair:5   | Found a viscous altar of Jiyva.
 21795 | Lair:5   | Reached skill level 10 in Fire Magic
 23935 | D:7      | Identified the Handbook of the Assistive Mountains
 24124 | D:6      | Killed Grinder
 24312 | Shoals:1 | Entered Level 1 of the Shoals
 26069 | Shoals:2 | Reached XP level 16. HP: 96/129 MP: 16/19
 26232 | Shoals:2 | Reached skill level 16 in Charms
 26390 | Shoals:2 | Noticed Ilsuiw
 26759 | Shoals:2 | Noticed Nikola
 26983 | Shoals:2 | Killed Ilsuiw
 27470 | Shoals:2 | Killed Nikola
 28050 | Shoals:3 | Reached skill level 15 in Dodging
 29473 | Shoals:3 | Reached skill level 17 in Charms
 29473 | Shoals:3 | Reached XP level 17. HP: 122/137 MP: 19/20
 30006 | Shoals:4 | Entered Level 4 of the Shoals
 31340 | Shoals:4 | Learned a level 2 spell: Swiftness
 31863 | Shoals:4 | Reached XP level 18. HP: 134/144 MP: 21/21
 33437 | Shoals:4 | Got a barnacled rune of Zot
 33606 | Shoals:4 | Learned a level 7 spell: Ring of Flames
 33672 | Lair:2   | Upgraded the game from 0.25-a0-339-gb37b713d4c to
                  | 0.25-a0-340-ga1faa1601d
 33701 | Snake:1  | Entered Level 1 of the Snake Pit
 33701 | Snake:1  | Noticed Kirke
 33704 | Snake:1  | Noticed Aizul
 33724 | Lair:2   | Killed Aizul
 33729 | Lair:2   | Killed Kirke
 34634 | Snake:1  | You fall into a shaft and drop 1 floor!
 34778 | Snake:2  | Reached skill level 18 in Charms
 35756 | Snake:1  | Identified the cursed +2 war axe "Plog" {pain, *Slow rN+
                  | MR++} (You found it on level 1 of the Snake Pit)
 36190 | Snake:2  | Found Okunuet's Jewellery Shoppe.
 36198 | Snake:2  | Found Uqeve Zas's Gadget Boutique.
 36199 | Snake:2  | Found Udwilocw's Jewellery Shoppe.
 36217 | Snake:2  | Bought the amulet "Ovylirotz" {Reflect rC+ Str-4 Int+5
                  | Dex+3 SH+4} for 592 gold pieces
 36366 | Snake:2  | You fall into a shaft and drop 1 floor!
 36367 | Snake:3  | Found a transporter.
 38017 | Snake:3  | Reached XP level 19. HP: 70/153 MP: 18/22
 38535 | Snake:3  | Found a transporter.
 38539 | Snake:3  | Noticed Borgoz's ghost (adept GrFi)
 38752 | Snake:3  | Got a crude scale mail
 38763 | Snake:3  | Identified the +9 scale mail "Pommoa" {+Blink Int-4 Dex+3
                  | Stlth+} (You found it on level 3 of the Snake Pit)
 38829 | Snake:3  | Found a shimmering altar of Xom.
 39925 | Snake:3  | HP: 4/153 [Borgoz's ghost (4)]
 39934 | Snake:3  | Killed Borgoz's ghost
 40495 | Snake:4  | Entered Level 4 of the Snake Pit
 40606 | Snake:4  | Reached skill level 19 in Charms
 41622 | Snake:4  | Identified the cursed +1 leather armour "Seshiru" {-Cast
                  | rC+ Str+6} (You found it on level 4 of the Snake Pit)
 42607 | Snake:4  | Reached skill level 15 in Fighting
 43012 | Snake:4  | Slain by a shock serpent

Levels and vault maps discovered:
D:1:      lightli_arrival_quake, layout_basic
D:2:      layout_loops_cross, nicolae_dithmenos_through_a_glass_darkly,
          first_ration, minmay_misc_feat_hallway, minmay_cut_off
D:3:      layout_loops_ring, uniq_terence
D:4:      layout_cave_pools, minmay_temple_entry_wispy, dk_noncrumbling_3,
          led_sif_pool
D:5:      layout_rooms, lemuel_coloured_pillars_altar,
          amethyst_overflow_temple_binary
D:6:      layout_basic, gammafunk_temple_overflow_wave, basic_altar,
          uniq_grinder
D:7:      minmay_the_grid_four_pointed_star
          [minmay_the_grid_triangle_9x9_minimal,
          minmay_the_grid_triangle_9x9_steps,
          minmay_the_grid_triangle_9x9_longest,
          minmay_the_grid_triangle_9x9_from_above,
          minmay_the_grid_prize_inner_circle], layout_rooms, serial_curves,
          eino_curves_03, eino_curves_03
D:8:      layout_loops_ring, kennysheep_mini, eat_drink_and_be_merry_uskayaw,
          grunt_pizzeria, uniq_harold
D:9:      layout_cave_pools, lair_entry_dummy, special_room [special_room_orc],
          uniq_psyche, uniq_grum
D:10:     layout_rooms, serial_shops, shop, basic_altar, grunt_ministairs_11
D:11:     layout_loops_ring, kennysheep_orc_monster_closet_entryway
D:12:     layout_roguey, uniq_nessos, uniq_snorg, uniq_nergalle
D:13:     minmay_triangles_in_corner, layout_cave_pools,
          skrybe_vaults_entry_preservation, minivault_24,
          nrook_guardian_serpent_ordinary, uniq_azrael, uniq_rupert
D:14:     layout_loops_ring, infiniplex_staircase_trident
D:15:     grunt_enter_depths_snipers, layout_rooms, minmay_misc_feat_x,
          gammafunk_ghost_spectres, wad_scary_box
Temple:   zaba_magenta_temple
Lair:1:   layout_roguey, grunt_forest_small_clearings, grunt_megastairs_3,
          infiniplex_staircase_pool
Lair:2:   layout_gridlike, elwin_shoals_entry_rocks,
          minmay_snake_entry_six_corridors
Lair:3:   layout_cave_shapes
Lair:4:   layout_roguey, special_room [special_room_bee], grunt_megastairs_1
Lair:5:   layout_gridlike, slime_altar_1
Lair:6:   evilmike_catoblepas_cave, layout_cave_pods, lemuel_old_faithful,
          serial_bayou_shore_a
Shoals:1: layout_shoals, nicolae_shoals_mertower
Shoals:2: layout_shoals, uniq_nikola, uniq_ilsuiw
Shoals:3: layout_shoals
Shoals:4: shoals_end_grunt_ice, layout_shoals,
          nicolae_shoals_kraken_intersection
Snake:1:  layout_onion, fake_guardian_serpent_vault, uniq_kirke, uniq_aizul
Snake:2:  layout_layer_cave, lemuel_fruit_tree, minmay_shop_grove
Snake:3:  cheibrodos_snake_lava_hold, layout_basic, basic_altar,
          gammafunk_ghost_arena, serial_bayou_lagoon_a
Snake:4:  grunt_snake_rune_serpentine_throne, layout_concentric_octagons,
          nicolae_snake_squiggles
Orc:1:    layout_caves
Orc:2:    st_orc_open, layout_caves, serial_shops, nicolae_shop_trees,
          gauntlet_entry_generic, nicolae_orc_bridge_out, trog_book

Skill      XL: |  1  2  3  4  5  6  7  8  9 10 11 12 13 14 15 16 17 18 19 |
---------------+----------------------------------------------------------+-----
Dodging        | 3 4 5 6 8 9 10 11 12 13 14 15 16 17 | 17.4
Armour         | 1 2 |  2.2
Polearms       | 4 5 6 8 9 11 12 13 14 | 14.0
Fighting       | 3 4 5 6 7 8 9 10 11 12 13 14 15 | 15.0
Charms         | 4 5 6 7 8 10 11 13 14 15 17 18 19 | 19.5
Shields        | 1 3 4 |  4.0
Fire Magic     | 3 5 6 8 9 10 11 12 13 | 13.8
Spellcasting   | |  2.0

Action                   |  1- 3 |  4- 6 |  7- 9 | 10-12 | 13-15 | 16-18 | 19-21 || total
-------------------------+-------+-------+-------+-------+-------+-------+-------++-------
Melee: Spear             |   171 |   175 |   349 |   225 |       |       |       ||   920
       Trident           |       |       |       |   417 |  1145 |  1020 |   314 ||  2896
       Halberd           |       |       |       |       |    15 |       |       ||    15
       Tailslap          |       |       |       |       |     9 |    38 |       ||    47
       Demon trident     |       |       |       |       |       |       |   201 ||   201
 Fire: Shortbow          |       |       |     6 |       |       |       |       ||     6
Throw: Dart              |       |     8 |       |       |       |       |       ||     8
 Cast: Infusion          |       |     9 |    32 |    42 |    86 |    63 |    12 ||   244
       Song of Slaying   |       |       |     1 |     1 |     2 |       |       ||     4
       Shroud of Golubri |       |       |     1 |     1 |       |       |       ||     2
       Regeneration      |       |       |     2 |     1 |       |     4 |     1 ||     8
       Spectral Weapon   |       |       |       |    27 |    56 |    67 |    45 ||   195
       Ozocubu's Armour  |       |       |       |       |       |    39 |       ||    39
       Foxfire           |       |       |       |       |       |     3 |       ||     3
Evoke: Wand              |       |       |       |       |       |     1 |       ||     1
       Lamp of fire      |       |       |       |       |       |     1 |       ||     1
  Use: Potion            |       |     1 |     6 |       |     2 |     4 |     5 ||    18
       Scroll            |       |     4 |     7 |    11 |     9 |    17 |     9 ||    57
 Stab: Sleeping          |     2 |       |       |     7 |    22 |    13 |     3 ||    47
       Distracted        |       |     1 |       |     3 |    12 |    36 |    15 ||    67
  Eat: Chunk             |     1 |     8 |    11 |    19 |    37 |    25 |     7 ||   108
       Ration            |       |       |     1 |       |     4 |     7 |     4 ||    16
Armor: Leather armour    |    23 |    26 |    10 |       |       |       |       ||    59
       Skin              |       |     3 |    16 |       |       |       |       ||    19
       Steam dragon scal |       |       |    20 |    40 |    65 |     9 |       ||   134
       Robe              |       |       |       |       |       |    40 |     4 ||    44
       Scale mail        |       |       |       |       |       |       |    62 ||    62
Dodge: Dodged            |    58 |    69 |   206 |   239 |   588 |   823 |   323 ||  2306
Block: Buckler           |       |       |    20 |    64 |   222 |   273 |   209 ||   788
       Reflection        |       |       |       |       |       |    20 |    22 ||    42

Table legend:
 A = Non-vault XP
 B = Vault XP
 C = Vault XP percentage of total XP
 D = Non-vault monster count
 E = Vault monster count
 F = Vault count percentage of total count
                 A         B        C        D         E       F
            +---------+---------+-------+---------+---------+-------
      Total |  202791 |  123288 |  37.8 |     747 |     288 |  27.8
            +---------+---------+-------+---------+---------+-------
        D:1 |      54 |       0 |   0.0 |      28 |       0 |   0.0
        D:2 |      49 |       4 |   7.5 |      16 |       3 |  15.8
        D:3 |     145 |      38 |  20.8 |      18 |       1 |   5.3
        D:4 |     408 |       0 |   0.0 |      15 |       0 |   0.0
        D:5 |     890 |       0 |   0.0 |      28 |       0 |   0.0
        D:6 |     311 |     272 |  46.7 |       7 |       1 |  12.5
        D:7 |     310 |    1542 |  83.3 |      12 |       6 |  33.3
        D:8 |    1221 |    1315 |  51.9 |      21 |       3 |  12.5
        D:9 |     791 |     938 |  54.3 |      23 |      23 |  50.0
       D:10 |    2189 |     503 |  18.7 |      18 |       6 |  25.0
       D:11 |    6362 |    1617 |  20.3 |      43 |      20 |  31.7
       D:12 |    4342 |    1006 |  18.8 |      27 |       2 |   6.9
       D:13 |     794 |       0 |   0.0 |       7 |       0 |   0.0
       D:14 |    9357 |     200 |   2.1 |      32 |       1 |   3.0
       D:15 |    3264 |       0 |   0.0 |      10 |       0 |   0.0
     Lair:1 |    4816 |     495 |   9.3 |      23 |       3 |  11.5
     Lair:2 |    2838 |    5303 |  65.1 |      16 |      23 |  59.0
     Lair:3 |    8744 |     124 |   1.4 |      19 |       2 |   9.5
     Lair:4 |    4732 |    2297 |  32.7 |      16 |      16 |  50.0
     Lair:5 |    5030 |       0 |   0.0 |      20 |       0 |   0.0
     Lair:6 |    5613 |   11859 |  67.9 |      20 |      23 |  53.5
   Shoals:1 |   10680 |    5945 |  35.8 |      25 |       7 |  21.9
   Shoals:2 |   12989 |    7837 |  37.6 |      31 |       6 |  16.2
   Shoals:3 |   19524 |       0 |   0.0 |      40 |       0 |   0.0
   Shoals:4 |   10312 |   24098 |  70.0 |      24 |      35 |  59.3
    Snake:1 |   21014 |     416 |   1.9 |      34 |       1 |   2.9
    Snake:2 |   15911 |       0 |   0.0 |      32 |       0 |   0.0
    Snake:3 |   23996 |   12120 |  33.6 |      42 |      18 |  30.0
    Snake:4 |   21514 |   25608 |  54.3 |      46 |      34 |  42.5
      Orc:1 |     906 |     888 |  49.5 |      18 |       1 |   5.3
      Orc:2 |    3685 |   14469 |  79.7 |      36 |      36 |  50.0
   Gauntlet |       0 |    4394 | 100.0 |       0 |      17 | 100.0
            +---------+---------+-------+---------+---------+-------
